 Dungeon Crawl Stone Soup version 0.27-a0-46-g34d46f0a3f (webtiles) character file.

Game seed: 16741940221349751061

150 Borgoz the Slasher (level 5, 0/45 HPs)
             Began as a Ghoul Gladiator on Jan 6, 2021.
             Slain by an orc priest
             ... wielding a +0 morningstar
              (6 damage)
             ... on level 3 of the Dungeon.
             The game lasted 00:03:46 (3708 turns).

Borgoz the Slasher (Ghoul Gladiator)                Turns: 3708, Time: 00:03:47

Health: 0/45       AC:  4    Str: 18    XL:     5   Next: 32%
Magic:  4/4        EV: 13    Int:  3    God:
Gold:   61         SH:  0    Dex: 11    Spells: 4/4 levels left

rFire    . . .     SeeInvis .   b - -2 short sword (curse)
rCold    + + .     Faith    .   (no shield)
rNeg     + + +     Spirit   .   k - +0 leather armour
rPois    ∞         Reflect  .   c - +0 helmet
rElec    .         Harm     .   (no cloak)
rCorr    .         Rampage  .   (no gloves)
Will     .....                  (no boots)
Stlth    +.........             i - amulet of the acrobat
HPRegen  0.00/turn              e - ring of protection from cold
MPRegen  0.09/turn              (no ring)

@: mighty
A: claws 1, cold resistance 1, negative energy resistance 3, inhibited
regeneration, torment resistance, unbreathing
a: no special abilities


You were on level 3 of the Dungeon.
You visited 1 branch of the dungeon, and saw 4 of its levels.

You collected 61 gold pieces.

Inventory:

Hand Weapons
 a - a +0 long sword
 b - a cursed -2 short sword (weapon)
Missiles
 d - 4 throwing nets (quivered)
Armour
 c - a +0 helmet (worn)
 k - a +0 leather armour (worn)
Jewellery
 e - a ring of protection from cold (left claw)
 i - an amulet of the acrobat (around neck)
Scrolls
 g - a scroll of amnesia


   Skills:
 + Level 3.4 Fighting
 * Level 4.2 Long Blades
 - Level 1.7 Throwing
 + Level 3.4 Dodging


You had 4 spell levels left.
You didn't know any spells.
Your spell library was empty.

Dungeon Overview and Level Annotations

Branches:
Dungeon (4/15)
 Temple: D:4-7

Altars:
Fedhas
Trog

Annotations:
D:3 Robin


Innate Abilities, Weirdness & Mutations

You thrive by killing the living.
You are immune to poison.
You have sharp fingernails.
Your flesh is cold resistant. (rC+)
You are immune to negative energy. (rN+++)
You do not regenerate when monsters are visible.
You are immune to unholy pain and torment.
You can survive without breathing.


Message History

You are too injured to fight recklessly!
You are too injured to fight recklessly!
You hit the orc priest.
The orc priest is almost dead.
The orc hits you with a +0 short sword.
The orc priest hits you with a +0 morningstar.
You feel very mighty all of a sudden. The orc hits you with a +0 short sword.
* * * LOW HITPOINT WARNING * * *
You closely miss the orc priest.
The orc priest is almost dead.
The orc priest hits you with a +0 morningstar.
* * * LOW HITPOINT WARNING * * *
The orc closely misses you.
You completely miss the orc priest.
The orc priest is almost dead.
The orc hits you with a +0 short sword.
* * * LOW HITPOINT WARNING * * *
The orc priest hits you with a +0 morningstar.
You die...

.....# #...............#
..#### #.##..###.###.#.#
....####.##..# #.# #.#.#
.............# #.# #.#.#
#.#.####.###.# #.# #.#.#
#.#.####.###.# #.# #.#.#
#.#......÷.#.# #.# #.#.#
#.######.#.#.###o###.#.###
#.######........@.(...#..#
#...............o###.#.#.#
####...#..##..#..# #.#.#.#
# #.#...........# #.#.#.#
# #...#####..#.####.#.#.#
#####.######.........#.#.#
......)......##..#####.#.#
#####..#########.# #.#.#
##†# #.#####.#.#


You could see an orc priest and an orc.

Vanquished Creatures
  A worker ant (D:2)
  4 adders
  A white imp (D:3)
  3 worms
  2 dart slugs
  A leopard gecko (D:3)
  2 orcs (D:3)
  3 bats (D:3)
  A giant cockroach (D:3)
  17 goblins
  6 hobgoblins
  2 jackals (D:2)
  A quokka (D:3)
  8 frilled lizards
  10 kobolds
  9 rats
71 creatures vanquished.

Notes
Turn   | Place    | Note
-------+----------+-------------------------------------------
     0 | D:1      | Borgoz the Ghoul Gladiator began the quest for the Orb.
     0 | D:1      | Reached XP level 1. HP: 17/17 MP: 0/0
   699 | D:2      | Reached skill level 3 in Long Blades
   699 | D:2      | Reached XP level 2. HP: 15/25 MP: 1/1
   989 | D:2      | Reached XP level 3. HP: 27/30 MP: 2/2
  1488 | D:2      | Reached XP level 4. HP: 38/38 MP: 3/3
  1564 | D:2      | Found a bloodstained altar of Trog.
  2542 | D:3      | Found a blossoming altar of Fedhas.
  2618 | D:3      | Found a faded altar of an unknown god.
  2682 | D:3      | Reached skill level 4 in Long Blades
  2922 | D:3      | Reached XP level 5. HP: 41/45 MP: 4/4
  3177 | D:3      | Noticed Robin
  3708 | D:3      | Slain by an orc priest

Illustrated notes

Levels and vault maps discovered:
D:1:      dpeg_arrival_oval, layout_basic, chequers_serial_rivers_large_b,
          minivault_19
D:2:      layout_loops_corners, minmay_misc_feat_four_crosses,
          minmay_fountain_box, trog_hazing_becter
D:3:      layout_loops_ring, fedhas_altar_4,
          chequers_ecumenical_altar_simple_redux, minmay_misc_feat_tower,
          uniq_robin
D:4:      kennysheep_spiral_hall, layout_basic,
          nemelex_xobeh_ov_fountains_minmay, gammafunk_ghost_arena

Skill      XL: |  1  2  3  4 |
---------------+-------------+-----
Long Blades    | 3 4 |  4.2
Dodging        | 3 |  3.4
Fighting       | 3 |  3.4
Throwing       | |  1.7

Action                   |  1- 3 |  4- 6 || total
-------------------------+-------+-------++-------
Melee: Long sword        |   101 |   153 ||   254
       Short sword       |       |    91 ||    91
Throw: Throwing net      |       |     1 ||     1
  Use: Scroll            |     5 |     3 ||     8
       Potion            |     2 |     3 ||     5
Armor: Leather armour    |    31 |    79 ||   110
Dodge: Dodged            |    83 |   215 ||   298
       Rpst.: Long sword |    28 |    44 ||    72

Table legend: (Time is in decaauts)
 A = Elapsed time spent in this place.
 B = Non-inter-level travel time spent in this place.
 C = Inter-level travel time spent in this place.
 D = Time resting spent in this place.
 E = Time spent auto-exploring this place.
 F = Levels seen in this place.
 G = Mean time per level.
                   A        B        C        D        E       F      G
               +--------+--------+--------+--------+--------+-----+--------+
         Total |   3787 |   3716 |     71 |    753 |   2261 |   4 |  946.8 |
       Dungeon |   3787 |   3716 |     71 |    753 |   2261 |   4 |  946.8 |
               +--------+--------+--------+--------+--------+-----+--------+

Top non-repeatable levels by time:
     D:2: 1933 daAuts
     D:3: 1153 daAuts
     D:1: 698 daAuts
     D:4: 2 daAuts
